AoeStats
← lillebror

Four Lakes

510152414Analyzed
1v1 RM · 2d ago on Sep 29, 2026· 26m 58s· 2 players
Game mode
Random Map
Map size
Tiny (2 player)
Population
200
Speed
Normal
Resources
Standard
Victory
Conquest
Starting age
Dark Age
Ending age
Imperial Age
RankedLock teamsTeams togetherTeam positionsShared explorationLock speedFull tech treeHidden civsTurbo modeCheats
Victory
Defeat
🇹🇼 Japanese · Taiwan
1168
+17
🇩🇰 Byzantines · Denmark
1188
-17
梨子假蘋果
3:23 Loom
13:52 Feudal Age
14:02 Man-at-Arms
14:29 Arson
14:41 Double-Bit Axe
16:12 Fletching
16:34 Forging
19:07 Scale Mail Armor
24:46 Castle Age
22:50 Fishing Lines
24:49 Long Swordsman
25:15 Gambesons
25:48 Chain Mail Armor
26:09 Iron Casting
26:15 Squires
lillebror
11:55 Feudal Age
10:14 Loom
13:58 Double-Bit Axe
15:47 Forging
16:30 Fletching
17:22 Padded Archer Armor
22:33 Castle Age
22:44 Horse Collar
22:37 Crossbowman
23:24 Thumb Ring
23:18 Bodkin Arrow
23:41 Bow Saw
23:33 Gold Mining
25:09 Wheelbarrow
Connection lost

Rejoining the realm…

Still unreachable

The connection could not be restored.

Session expired

The server has moved on; the page needs a fresh start.